 Dungeon Sprint DCSS version 0.16-a0-3843-ged98c6c (console) character file.

356 carlseen the Grappler (level 6, 0/60 (61) HPs)
             Began as a Ghoul Monk on Jan 30, 2015.
             Slain by Sonja
             ... wielding a +0 short sword of distortion
              (6 damage)
             ... in the Dungeon (Sprint I: "Red Sonja").
             The game lasted 00:03:29 (755 turns).

carlseen the Grappler (Ghoul Monk)                   Turns: 755, Time: 00:03:29

HP:   0/60 (61)     AC:  2    Str: 16    XL:     6   Next: 63%
MP:   5/5           EV: 15    Int:  5    God:
Gold: 162           SH:  0    Dex: 12    Spells: 0 memorised, 5 levels left

rFire  . . .     SeeInvis .       - Unarmed
rCold  + . .     Clarity  .     a - +0 robe
rNeg   + + +     SustAb   .     (no shield)
rPois  ∞         Gourm    .     (no helmet)
rElec  .         Spirit   .     (no cloak)
rCorr  .         Warding  .     (no gloves)
rMut   .         NoTele   +     (no boots)
MR     .....                    (no amulet)
Stlth  ++........               (no ring)
                                (no ring)

@: very slightly contaminated, rotting, not resistant to hostile enchantments,
unstealthy
A: rotting body, claws 1, carnivore 3, cold resistance 1, negative energy
resistance 3, poison resistance, slow healing 1, torment resistance, unbreathing
a: no special abilities


You were in the Dungeon.
You were not hungry.

You visited 1 branch You collected 162 gold pieces.

Inventory:

Hand weapons
 f - a +0 giant spiked club
Armour
 a - a +0 robe (worn)
Potions
 b - a potion of curing
 c - a potion of heal wounds
 d - a potion of haste
 e - 2 potions of magic


   Skills:
 + Level 7.9 Fighting
 + Level 6.8 Dodging
 + Level 3.3 Stealth
 + Level 11.2 Unarmed Combat


You had 5 spell levels left.
You didn't know any spells.

Dungeon Overview and Level Annotations

Branches:
Dungeon (1/1)

Altars:
Elyvilon
Gozag
Kikubaaqudgha
Makhleb
Nemelex Xobeh
Okawaru
Qazlal
Ru
Sif Muna
Trog
Vehumet
Xom
Yredelemnul
Zin
The Shining One

Shops:
D [

Annotations:
D Sonja


Innate Abilities, Weirdness & Mutations

Your body is rotting away.
You thrive on raw meat.
You have sharp fingernails.
You are carnivorous and can eat meat at any time.
Your flesh is cold resistant.
You are immune to negative energy.
Your system is resistant to poisons.
You heal slowly when monsters are visible.
You are immune to unholy pain and torment.
You can survive without breathing.


Message History

Space bends around you.
* * * LOW HITPOINT WARNING * * *
Sonja hits you but does no damage.
You feel a strange sense of stasis. Sonja closely misses you.
Sonja hits you with an uncursed short sword of distortion.
* * * LOW HITPOINT WARNING * * *
Sonja hits you but does no damage.
You feel a strange sense of stasis.
You scratch Sonja.
Sonja begins to bleed from her wounds!
Sonja is lightly wounded.
Sonja casts a spell.
Sonja blinks!
Sonja unwields an uncursed short sword of distortion.
Its appearance distorts for a moment.
Sonja wields an uncursed blowgun.
Sonja shoots a curare-tipped needle.
The curare-tipped needle hits you.
You see here a curare-tipped needle.
Sonja unwields an uncursed blowgun.
Sonja wields an uncursed short sword of distortion.
Its appearance distorts for a moment.
Sonja hits you with an uncursed short sword of distortion.
* * * LOW HITPOINT WARNING * * *
Space bends around you.
You die...

################
#<.#..((.#..'K.#
#..'..#..')K#..+
#.(#####'#####(#
#.@####..# #!#
#.K#__#### ##(#
#..#_..__##+#..+
#⌠⌠#_.∩..((§.._#
####_..._##_K#+#
#_____###'#
####### #.# $.$
$.$# ##.## #+#


You could see Sonja (bleeding).

Vanquished Creatures
  A yak (D)
  An ogre (D)
  Sigmund (D)
  A jelly (D)
  Ijyb (D)
5 creatures vanquished.

Notes
Turn   | Place    | Note
--------------------------------------------------------------
     0 | D        | carlseen, the Ghoul Monk, began the quest for the Orb.
     0 | D        | Reached XP level 1. HP: 19/19 MP: 1/1
     2 | D        | Noticed Ijyb
    19 | D        | Killed Ijyb
    19 | D        | Reached skill level 6 in Unarmed Combat
    19 | D        | Reached XP level 2. HP: 13/27 MP: 2/2
   172 | D        | Noticed an ogre
   182 | D        | Killed an ogre
   182 | D        | Reached skill level 5 in Fighting
   182 | D        | Reached skill level 5 in Dodging
   182 | D        | Reached skill level 8 in Unarmed Combat
   182 | D        | Reached XP level 3. HP: 2/36 MP: 3/3
   182 | D        | Reached XP level 4. HP: 2/42 MP: 3/3
   439 | D        | Noticed Sigmund
   460 | D        | Killed Sigmund
   460 | D        | Reached skill level 9 in Unarmed Combat
   460 | D        | Reached XP level 5. HP: 10/51 MP: 4/4
   699 | D        | Found a deep blue altar of Sif Muna.
   700 | D        | Noticed a jelly
   701 | D        | Found a radiant altar of Vehumet.
   708 | D        | Killed a jelly
   708 | D        | Reached skill level 10 in Unarmed Combat
   710 | D        | Found Cloeg's Armour Emporium.
   710 | D        | Found a white marble altar of Elyvilon.
   710 | D        | Found a stormy altar of Qazlal.
   710 | D        | Found a burning altar of Makhleb.
   710 | D        | Found a sacrificial altar of Ru.
   710 | D        | Found a basalt altar of Yredelemnul.
   710 | D        | Found a glowing golden altar of the Shining One.
   710 | D        | Found a sparkling altar of Nemelex Xobeh.
   710 | D        | Found a shimmering altar of Xom.
   710 | D        | Found an opulent altar of Gozag.
   710 | D        | Found an ancient bone altar of Kikubaaqudgha.
   710 | D        | Found a glowing silver altar of Zin.
   710 | D        | Noticed a yak
   711 | D        | Found an iron altar of Okawaru.
   717 | D        | Killed a yak
   717 | D        | Reached skill level 11 in Unarmed Combat
   717 | D        | Reached XP level 6. HP: 12/60 MP: 5/5
   720 | D        | Found a bloodstained altar of Trog.
   729 | D        | Noticed Sonja
   755 | D        | Slain by Sonja

Action                   |  1- 3 |  4- 6 || total
-------------------------+-------+-------++-------
Melee: Unarmed           |    23 |    29 ||    52
  Use: Scroll            |       |     1 ||     1
 Stab: Sleeping          |       |     1 ||     1
  Eat: Chunk             |       |     1 ||     1
